 Dungeon Crawl Stone Soup version 0.18.1-48-g4cf74bf (webtiles) character file.

520 Laphicet the Stinger (level 7, 64/64 HPs)
             Began as a Black Draconian Venom Mage on Sept 7, 2016.
             Was a Believer of Trog.
             Got out of the dungeon alive.
             The game lasted 00:11:09 (3635 turns).

Laphicet the Stinger (Black Draconian Venom Mage)   Turns: 3635, Time: 00:11:10

Health: 64/64      AC:  7    Str: 10    XL:     7   Next: 1%
Magic:  10/10      EV: 14    Int: 17    God:    Trog [**....]
Gold:   120        SH:  0    Dex: 15    Spells: 3 memorised, 5 levels left

rFire  . . .     SeeInvis .     d - +0 falchion
rCold  . . .     Gourm    .     (armour unavailable)
rNeg   + . .     Faith    .     (no shield)
rPois  .         Spirit   .     (helmet restricted)
rElec  +         Dismiss  .     (no cloak)
rCorr  .         Reflect  .     (no gloves)
SustAt .         Harm     .     j - +0 pair of boots
MR     .....                    h - amulet of magic regeneration
Stlth  ++........               l - +3 ring of dexterity
                                n - ring of positive energy

@: not resistant to hostile enchantments, unstealthy
A: breathe lightning, unfitting armour, antennae 1, stinger 1, talons 1, robust
1, electricity resistance, cold-blooded, subdued magic 1, AC +6
a: Breathe Lightning, Berserk, Trog's Hand, Burn Spellbooks, Renounce Religion


You escaped.
You worshipped Trog.
Trog was pleased with you.
You were not hungry.

You visited 1 branch of the dungeon, and saw 4 of its levels.

You collected 120 gold pieces.

Inventory:

Hand Weapons
 d - a +0 falchion (weapon)
Armour
 j - a +0 pair of boots (worn)
Jewellery
 f - an uncursed ring of protection from fire {unknown}
 h - an amulet of magic regeneration (around neck)
 l - a +3 ring of dexterity (right hand)
 n - a ring of positive energy (left hand)
Scrolls
 k - a scroll of teleportation {unknown}
 m - a scroll of amnesia {unknown}
 o - a scroll of magic mapping
 q - a scroll of fog {unknown}
 s - a scroll of recharging
 u - 3 scrolls of enchant armour {unknown}
Potions
 g - 4 potions of agility
 i - 2 potions of might
 r - a potion of resistance {unknown}
Books
 a - a Young Poisoner's Handbook

   Spells                             Type                      Level
   a - Sting                          Conjuration/Poison           1
   b - Cure Poison                    Poison                       2
   c - Mephitic Cloud                 Conjuration/Poison/Air       3
   d - Olgreb's Toxic Radiance        Poison                       4
   e - Venom Bolt                     Conjuration/Poison           5
   Trog disapproves of the use of such an item.
 e - a book of Power

   Spells                             Type                      Level
   a - Fulminant Prism                Conjuration/Hexes            4
   b - Iskenderun's Mystic Blast      Conjuration                  4
   c - Venom Bolt                     Conjuration/Poison           5
   d - Bolt of Magma                  Conjuration/Fire/Earth       5
   e - Iron Shot                      Conjuration/Earth            6
   f - Orb of Destruction             Conjuration                  7
   g - Spellforged Servitor           Conjuration/Summoning        7
   Trog disapproves of the use of such an item.
Comestibles
 b - 6 bread rations
 c - 3 fruits


   Skills:
 + Level 4.1 Fighting
 * Level 2.2 Long Blades
 + Level 3.6 Dodging
 + Level 3.8 Stealth
 - Level 2.5 Spellcasting
 - Level 4.4 Poison Magic


You had 5 spell levels left.
You knew the following spells:

 Your Spells              Type           Power        Failure   Level  Hunger
m - Mephitic Cloud        Conj/Pois/Air  #.......     26%         3    ###....
s - Sting                 Conj/Pois      #...         8%          1    #......
C - Cure Poison           Pois           ##........   3%          2    ##.....


Dungeon Overview and Level Annotations

Branches:
Dungeon (4/15)
 Temple: D:4-7

Altars:
Elyvilon
Trog


Innate Abilities, Weirdness & Mutations

You can breathe wild blasts of lightning.
Your glossy black scales are hard (AC +6).
Your body does not fit into most forms of armour.
You are resistant to electric shocks.
You are cold-blooded and may be slowed by cold attacks.
You have a pair of small antennae on your head.
Your tail ends in a poisonous barb.
You have sharp toenails.
You are robust (+10% HP).
Your spells are a little easier to cast, but a little less powerful.


Message History

There is an open door here.
There is an open door here.
A rat comes into view.
You can't go up here!
The rat completely misses you.
You hit the rat but do no damage. You tail-slap the rat.
You kill the rat!
Trog accepts your kill.
No target in view!
No target in view!
Okay, then.
Press | or perform an action to restore all view layers.
Restoring view layers.
You are feeling hungry.
You can't go up here!
There is a staircase leading out of the dungeon here.
Eat which item? (? for menu, Esc to quit)
Yeuchh!
Anchovies.
Are you sure you want to leave the Dungeon?
This will make you lose the game!
You have escaped!

.........##...##......##.#
.........##...##......##.#####
.........##...##.##..###.....#
.........#######......######.#
.........# #......# #.#
.........# ####.#.# #.####
.........# #......# #.....
.........# #......# ######
.........# #@...###
....####.### #......#
...........# #......#
...........# #.##.###
..........[# #......#
...........# #......#
...........# ##.#.#.#
.........### #......#
.........# #......#


There were no monsters in sight!

Vanquished Creatures
  The ghost of mirugai the Shooter, an amateur CeHu (D:4)
  An ogre (D:4)
  A scorpion (D:4)
  A hound (D:4)
  2 orc priests (D:4)
  An iguana (D:4)
  6 adders
  An ooze (D:2)
  An adder skeleton (D:4)
  A dart slug (D:3)
  A giant gecko (D:2)
  4 orcs
  A ball python (D:1)
  3 giant cockroaches
  9 goblins
  9 hobgoblins
  2 jackals (D:2)
  10 kobolds
  A quokka (D:1)
  11 bats
  2 giant newts
  A quokka skeleton (D:4)
  8 rats
78 creatures vanquished.

Vanquished Creatures (others)
  A kobold (D:2)
1 creature vanquished.

Grand Total: 79 creatures vanquished

Notes
Turn   | Place    | Note
--------------------------------------------------------------
     0 | D:1      | Laphicet the Draconian Venom Mage began the quest for the Orb.
     0 | D:1      | Reached XP level 1. HP: 14/14 MP: 3/3
   285 | D:1      | Reached XP level 2. HP: 22/22 MP: 1/5
   286 | D:1      | Reached skill level 1 in Fighting
   435 | D:1      | Learned a level 2 spell: Cure Poison
  1117 | D:2      | Reached XP level 3. HP: 29/29 MP: 0/6
  1428 | D:2      | Learned a level 3 spell: Mephitic Cloud
  1724 | D:2      | Found a white marble altar of Elyvilon.
  1879 | D:2      | Reached XP level 4. HP: 12/36 MP: 3/7
  2368 | D:3      | Found a faded altar to an unknown god.
  2401 | D:3      | Became a worshipper of Trog the Wrathful
  2401 | D:3      | Reached * piety under Trog
  2645 | D:3      | Gained mutation: Your spells are a little easier to cast, but a little less powerful. [potion of mutation]
  2645 | D:3      | Gained mutation: You have a pair of small antennae on your head. [potion of mutation]
  2646 | D:3      | Gained mutation: You have sharp toenails. [potion of mutation]
  2646 | D:3      | Gained mutation: Your tail ends in a poisonous barb. [potion of mutation]
  2646 | D:3      | Gained mutation: You are robust (+10% HP). [potion of mutation]
  2799 | D:4      | Noticed mirugai's ghost (amateur CeHu)
  2810 | D:4      | Killed mirugai's ghost
  2810 | D:4      | Reached XP level 5. HP: 49/49 MP: 8/8
  2917 | D:4      | Reached XP level 6. HP: 36/56 MP: 9/9
  3102 | D:4      | Reached ** piety under Trog
  3170 | D:4      | Reached skill level 1 in Long Blades
  3405 | D:4      | Your scales start taking on a glossy black colour.
  3405 | D:4      | Reached XP level 7. HP: 64/64 MP: 10/10
  3405 | D:4      | Gained mutation: You are resistant to electric shocks. [Black Draconian growth]
  3635 | D:$      | Got out of the dungeon alive.

Skill      XL: |  1  2  3  4  5  6 |
---------------+-------------------+-----
Fighting       | 1 2 3 4 |  4.1
Dodging        | 2 3 |  3.6
Stealth        | 2 3 |  3.8
Long Blades    | 2 |  2.2
Spellcasting   | |  2.5
Poison Magic   | |  4.4

Action                   |  1- 3 |  4- 6 |  7- 9 || total
-------------------------+-------+-------+-------++-------
Melee: Unarmed           |    74 |       |       ||    74
       Tailslap          |    14 |    15 |     1 ||    30
       Hand axe          |    56 |     9 |       ||    65
       Falchion          |       |   133 |     1 ||   134
 Cast: Sting             |    54 |    11 |       ||    65
       Cure Poison       |     2 |       |       ||     2
Invok: Berserk           |       |     5 |       ||     5
       Trog's Hand       |       |     1 |       ||     1
  Use: Scroll            |     5 |     2 |       ||     7
       Potion            |     3 |     2 |       ||     5
 Stab: Sleeping          |     1 |     2 |       ||     3
  Eat: Chunk             |     4 |    10 |     1 ||    15
       Pizza             |       |       |     1 ||     1
Armor: Skin              |    81 |    61 |       ||   142
Dodge: Dodged            |   144 |   140 |     1 ||   285
